 Dungeon Crawl Stone Soup version 0.31-a0-496-g6f97920a28 (webtiles) character file.

Game seed: 8981709262581119142

10869 zero the Fighter (level 11, -2/106 HPs)
             Began as a Minotaur Gladiator on Aug 8, 2023.
             Was a Believer of Ru.
             Slain by a 12-headed hydra (6 damage)
             ... on level 2 of the Lair of Beasts.
             The game lasted 00:13:05 (9242 turns).

zero the Fighter (Minotaur Gladiator)               Turns: 9242, Time: 00:13:06

Health: -2/106     AC: 17    Str: 21    XL:     11   Next: 41%
Magic:  10/10      EV: 10    Int:  5    God:    Ru [**....]
Gold:   1196       SH: 15    Dex: 14    Spells: 10/10 levels left

rFire   + + +        q - +7 falchion
rCold   + + .        i - +0 kite shield
rNeg    . . .        w - +6 scale mail of Uskayaw, Bespelling {Contam rPois rF+++ Dex-2}
rPois   +            c - +0 hat
rElec   .            I - scarf {rC+ rF+}
rCorr   .            m - +0 pair of gloves
SInv    .            F - +0 pair of boots
Will    .....        k - amulet of reflection Stlth
                     G - ring "Jaupn" {Ice +Blink Str+2}
HPRegen 0.37/turn    (no ring)
MPRegen 0.12/turn

%: reflection
@: no status effects
A: horns 2, no stealth, hated by all, retaliatory headbutt
a: Renounce Religion, Evoke Blink


You were on level 2 of the Lair of Beasts.
You worshipped Ru.
Ru was pleased with you.
You visited 3 branches of the dungeon, and saw 11 of its levels.

You collected 1196 gold pieces.

Inventory:

Hand Weapons
 q - a +7 falchion (weapon)
Missiles
 d - 5 throwing nets (quivered)
 e - a javelin
Armour
 c - a +0 hat (worn)
 i - a +0 kite shield (worn)
 m - a +0 pair of gloves (worn)
 w - the +6 scale mail of Uskayaw, Bespelling (worn) {Contam rPois rF+++ Dex-2}
   (You found it on level 3 of the Dungeon)

   Dex:       It affects your dexterity (-2).
   rF:        It renders you almost immune to fire.
   rPois:     It protects you from poison.
   Contam:    It causes magical contamination when unequipped.
 F - a +0 pair of boots (worn)
 I - a scarf of resistance (worn)
Jewellery
 k - an amulet of reflection (around neck)
 n - a ring of resist corrosion
 x - a ring of ice
 G - the ring "Jaupn" (left hand) {Ice +Blink Str+2}
   (You found it on level 2 of the Dungeon)

   [ring of ice]

   It enhances your ice magic.
   Str:       It affects your strength (+2).
   rF:        It makes you vulnerable to fire.
   rC:        It protects you from cold.
   +Blink:    It lets you blink.
Talismans
 a - a flux talisman
 v - a maw talisman
 E - a serpent talisman
Wands
 u - a wand of roots (8)
 B - a wand of flame (8)
 H - a wand of quicksilver (5)
Scrolls
 h - a scroll of vulnerability
 j - 8 scrolls of teleportation
 r - a scroll of poison
 y - a scroll of enchant armour {unknown}
 A - 3 scrolls of identify
 C - a scroll of blinking
 J - a scroll of fog {unknown}
Potions
 b - a potion of heal wounds
 f - 2 potions of attraction {unknown}
 g - 5 potions of curing
 l - 3 potions of brilliance
 o - 4 potions of lignification
 p - 3 potions of mutation
 s - 3 potions of might
 t - a potion of berserk rage {unknown}
 z - a potion of resistance {unknown}
 D - 2 potions of ambrosia


   Skills:
 + Level 12.8 Fighting
 + Level 12.8 Long Blades
 - Level 2.0 Throwing
 + Level 9.7 Armour
 - Level 3.2 Dodging
 - Level 8.0 Shields


You had 10 spell levels left.
You didn't know any spells.
Your spell library contained the following spells:

 Spells                   Type           Power      Damage    Failure   Level
 Apportation              Tloc           0%         N/A       94%         1
 Shock                    Conj/Air       0%         1d3       94%         1
 Poisonous Vapours        Pois/Air       0%         N/A       98%         2
 Dazzling Flash           Conj/Hex       0%         N/A       100%        3
 Mephitic Cloud           Conj/Pois/Air  0%         N/A       100%        3
 Swiftness                Air            0%         N/A       100%        3
 Airstrike                Air            0%         2d(0-16)  100%        4
 Manifold Assault         Tloc           0%         N/A       100%        4
 Agony                    Necr           0%         N/A       100%        5
 Alistair's Intoxication  Tmut/Pois      0%         N/A       100%        5
 Freezing Cloud           Conj/Ice/Air   0%         6-21      100%        5
 Silence                  Hex/Air        0%         N/A       100%        5
 Dispersal                Tloc           0%         N/A       100%        6
 Disjunction              Tloc           0%         N/A       100%        8
 Summon Small Mammal      Summ           Unusable   N/A       N/A         1
 Call Canine Familiar     Summ           Unusable   N/A       N/A         3
 Summon Guardian Golem    Hex/Summ       Unusable   N/A       N/A         3
 Summon Ice Beast         Ice/Summ       Unusable   N/A       N/A         4
 Summon Mana Viper        Hex/Summ       Unusable   N/A       N/A         5
 Monstrous Menagerie      Summ           Unusable   N/A       N/A         7

Dungeon Overview and Level Annotations

Branches:
Dungeon (8/15)             Temple (1/1) D:6            Lair (2/5) D:8
  Swamp: Lair:2-3    Shoals: Lair:2-3     Snake: Lair:2-3    Spider: Lair:2-3

Altars:
Ashenzari
Cheibriados
Dithmenos
Elyvilon
Gozag
Kikubaaqudgha
Makhleb
Nemelex Xobeh
Okawaru
Qazlal
Ru
Sif Muna
Trog
Uskayaw
Vehumet
Wu Jian
Xom
Zin
The Shining One


Innate Abilities, Weirdness & Mutations

You have a pair of horns on your head.
You cannot be stealthy.
You are hated by all.
You reflexively headbutt those who attack you in melee.


Message History

You block the ten-headed hydra's attack.
The ten-headed hydra bites you.
You barely miss the ten-headed hydra.
The ten-headed hydra is heavily wounded.
You block the cane toad's attack.
The ten-headed hydra closely misses you.
You furiously retaliate!
You headbutt the ten-headed hydra. The ten-headed hydra bites you!
* * * LOW HITPOINT WARNING * * *
The ten-headed hydra bites you!
* * * LOW HITPOINT WARNING * * *
You block the ten-headed hydra's attack.
The ten-headed hydra misses you.
The ten-headed hydra bites you but does no damage.
You block the ten-headed hydra's attack.
The ten-headed hydra bites you.
* * * LOW HITPOINT WARNING * * *
The ten-headed hydra bites you.
* * * LOW HITPOINT WARNING * * *
The ten-headed hydra bites you but does no damage.
You hack one of the ten-headed hydra's heads off!
The nine-headed hydra grows two more!
You slash the 11-headed hydra!
The 11-headed hydra is heavily wounded.
The cane toad closely misses you. The yak gores you but does no damage.
You slice one of the 11-headed hydra's heads off!
The ten-headed hydra grows two more!
You slash the 12-headed hydra!
Your headbutt misses the 12-headed hydra.
The 12-headed hydra is heavily wounded.
The 12-headed hydra closely misses you. You furiously retaliate!
You headbutt the 12-headed hydra. You block the 12-headed hydra's attack.
The 12-headed hydra misses you. The 12-headed hydra bites you.
* * * LOW HITPOINT WARNING * * *
The 12-headed hydra bites you.
* * * LOW HITPOINT WARNING * * *
The 12-headed hydra bites you.
* * * LOW HITPOINT WARNING * * *
You block the 12-headed hydra's attack. The 12-headed hydra closely misses you.
The 12-headed hydra bites you but does no damage. x2
The 12-headed hydra bites you.
You die...

# ..# .#.######
.... #.......####
#....
.........#.###.....
#<................#
....#.#...........#
# # #............
##FY.........
#.@D...#.?...
##......# ....
##../...## .
#.....### #.....##
#......#
#####......#
....#.....P#
#..........#


You could see a 12-headed hydra, a yak and a cane toad.

Vanquished Creatures
  A manticore (Lair:1)
  A torpor snail (Lair:1)
  2 rime drakes (Lair:1)
  2 cane toads (Lair:1)
  4 komodo dragons (Lair:1)
  A hornet (D:8)
  Sigmund (D:2)
  18 yaks (Lair:1)
  3 vampire mosquitoes (D:8)
  11 water moccasins
  2 ice beasts (D:7)
  5 black bears
  A sky beast (D:8)
  2 ogres
  A centaur (D:8)
  4 phantoms
  11 bullfrogs
  3 gnoll sergeants
  3 scorpions
  9 wights (D:7)
  3 electric eels
  4 hounds
  A gnoll bouda (D:6)
  2 jellies
  2 orc priests
  4 sleepcaps
  Ijyb (D:3)
  An iguana (D:5)
  14 gnolls
  11 adders
  A river rat (D:6)
  A white imp (D:5)
  2 ufetubi (D:5)
  4 dart slugs
  16 orcs
  6 ball pythons
  11 endoplasms
  6 giant cockroaches
  4 hobgoblins
  13 jackals
  7 kobolds
  4 quokkas
  17 bats
  5 frilled lizards
  4 goblins
  5 rats
  A spectral kobold (D:2)
235 creatures vanquished.

Notes
Turn   | Place    | Note
-------+----------+-------------------------------------------
     0 | D:1      | zero the Minotaur Gladiator began the quest for the Orb.
     0 | D:1      | Reached XP level 1. HP: 18/18 MP: 0/0
   177 | D:1      | Reached XP level 2. HP: 25/25 MP: 1/1
   852 | D:1      | Reached skill level 1 in Shields
   852 | D:1      | Reached XP level 3. HP: 30/30 MP: 2/2
  1089 | D:2      | Found a faded altar of an unknown god.
  1096 | D:2      | Reached skill level 5 in Long Blades
  1113 | D:2      | Noticed Sigmund
  1463 | D:3      | Noticed Ijyb
  1475 | D:3      | Killed Ijyb
  1476 | D:3      | Reached XP level 4. HP: 8/37 MP: 3/3
  1780 | D:3      | Identified the +6 scale mail of Uskayaw, Bespelling {Contam
                  | rPois rF+++ Dex-2}
  2125 | D:4      | Reached XP level 5. HP: 38/42 MP: 4/4
  2482 | D:4      | Reached XP level 6. HP: 50/50 MP: 5/5
  2749 | D:5      | Entered Level 5 of the Dungeon
  2803 | D:5      | Reached skill level 1 in Armour
  2803 | D:5      | Found a stormy altar of Qazlal.
  2887 | D:5      | Reached skill level 5 in Shields
  3044 | D:5      | Reached XP level 7. HP: 56/56 MP: 6/6
  3937 | D:6      | Reached skill level 5 in Armour
  4086 | D:2      | Killed Sigmund
  4087 | D:2      | Reached XP level 8. HP: 62/62 MP: 7/7
  4279 | D:2      | Identified the ring "Jaupn" {Ice +Blink Str+2}
  4423 | D:2      | Identified a scroll of acquirement
  4423 | D:2      | Acquired 667 gold pieces
  4665 | D:6      | Reached skill level 10 in Long Blades
  4805 | D:6      | Found a staircase to the Ecumenical Temple.
  4846 | Temple   | Entered the Ecumenical Temple
  4865 | Temple   | Became a worshipper of Ru the Awakened
  5261 | D:6      | Reached skill level 5 in Fighting
  5441 | D:7      | Found a bloodstained altar of Trog.
  5458 | D:7      | Reached XP level 9. HP: 46/81 MP: 8/8
  5813 | D:7      | Reached skill level 10 in Fighting
  5852 | D:7      | You fall into a shaft and drop 1 floor!
  5989 | D:8      | Found a staircase to the Lair.
  6014 | D:8      | Gained mutation: You cannot be stealthy. [Ru sacrifice]
  6798 | D:7      | Reached XP level 10. HP: 81/94 MP: 9/9
  7198 | Lair:1   | Entered Level 1 of the Lair of Beasts
  7207 | Lair:1   | Identified the +8 whip of Hepliaklqana, Changing {pain,
                  | rElec Str+3}
  8277 | Lair:1   | Noticed a cane toad
  8282 | Lair:1   | Killed a cane toad
  8288 | Lair:1   | Gained mutation: You are hated by all. [Ru sacrifice]
  8288 | Lair:1   | Reached * piety under Ru
  8288 | Lair:1   | Reached ** piety under Ru
  8354 | Lair:1   | Noticed a torpor snail
  8355 | Lair:1   | Noticed a manticore
  8370 | Lair:1   | Reached XP level 11. HP: 49/104 MP: 10/10
  8712 | Lair:1   | Identified the +0 chain mail of Awe {rElec rN+}
  9223 | Lair:2   | Noticed a seven-headed hydra
  9242 | Lair:2   | HP: 5/106 [12-headed hydra (2)]
  9242 | Lair:2   | Slain by a 12-headed hydra

Illustrated notes

Levels and vault maps discovered:
D:1:      minmay_arrival_four_houses, layout_basic, serial_aquarium,
          aquarium_bridge_square [aquarium_subvault_balcony,
          aquarium_subvault_wall, aquarium_subvault_window,
          aquarium_subvault_bridge], aquarium_bridge_square
          [aquarium_subvault_bridge, aquarium_subvault_wall,
          aquarium_subvault_wall, aquarium_subvault_wall],
          aquarium_window_corner, aquarium_window_fake, aquarium_window_2,
          aquarium_view_2e, aquarium_view_2d, aquarium_balcony_5a,
          aquarium_pool_1, minmay_pentomino_p4
D:2:      layout_basic, dreamdust_ecumenical_altar_drowned_temple, uniq_sigmund
D:3:      layout_loops_ring, minmay_checkerbox, uniq_ijyb
D:4:      layout_loops_cross, hellmonk_no_cap
D:5:      layout_layer_cave, nicolae_qazlal_scattered_showers, roderic_batcave
D:6:      layout_loops_ring, minmay_temple_entry_drinking_statues,
          portal_sewer_entry_a
D:7:      layout_basic, trog_ov_bears_minmay, nicolae_hexahallways
D:8:      layout_basic, lair_entry_dummy, minmay_misc_feat_enclosed
Temple:   nicolae_temple_slightly_damp_pantheon
Lair:1:   layout_regular_city, pdpol_lair_cavern_descent, lemuel_fruit_fields,
          grunt_megastairs_3, infiniplex_staircase_pool_2, serial_bayou_shore_a
Lair:2:   layout_cellular_growth, skrybe_swamp_entry_bodies,
          nicolae_snake_entry_warm_welcome, st_stairs_11, beast_lair_carwin_2,
          uniq_prince_ribbit2, uniq_fannar

Skill      XL: |  1  2  3  4  5  6  7  8  9 10 11 |
---------------+----------------------------------+-----
Long Blades    | 4 5 6 7 9 10 12 | 12.8
Shields        | 1 2 3 4 5 6 8 |  8.0
Armour         | 3 5 6 8 9 |  9.7
Fighting       | 8 10 12 | 12.8
Throwing       | |  2.0
Dodging        | |  3.2

Action                     |  1- 3 |  4- 6 |  7- 9 | 10-12 || total
---------------------------+-------+-------+-------+-------++-------
  Melee: Long sword        |    74 |       |       |       ||    74
         Headbutt          |    17 |    15 |    48 |    71 ||   151
         Falchion          |    17 |   116 |   279 |   229 ||   641
 Invoke: Sacrifice Stealth |       |       |     1 |       ||     1
         Sacrifice Love    |       |       |       |     1 ||     1
  Evoke: Wand              |       |       |       |     8 ||     8
    Use: Scroll            |       |     5 |    10 |     4 ||    19
   Stab: Distracted        |       |       |       |     1 ||     1
 Armour: Leather armour    |     6 |       |       |       ||     6
         Chain mail        |    39 |       |       |       ||    39
         Scale mail        |       |    32 |   122 |    80 ||   234
  Dodge: Dodged            |    43 |    23 |   105 |    60 ||   231
  Block: Kite shield       |    35 |    85 |   255 |   206 ||   581
         Reflection        |       |       |     4 |     2 ||     6

Table legend: (Time is in decaauts)
 A = Elapsed time spent in this place.
 B = Non-inter-level travel time spent in this place.
 C = Inter-level travel time spent in this place.
 D = Time resting spent in this place.
 E = Time spent auto-exploring this place.
 F = Levels seen in this place.
 G = Mean time per level.
                   A        B        C        D        E       F      G
               +--------+--------+--------+--------+--------+-----+--------+
         Total |   9272 |   8839 |    433 |   1142 |   6039 |  11 |  842.9 |
       Dungeon |   7205 |   6834 |    371 |    352 |   5140 |   8 |  900.6 |
        Temple |     38 |      1 |     37 |      0 |      0 |   1 |   38.0 |
          Lair |   2028 |   2004 |     24 |    790 |    898 |   2 | 1014.0 |
               +--------+--------+--------+--------+--------+-----+--------+

Top non-repeatable levels by time:
  Lair:1: 1961 daAuts
     D:5: 1211 daAuts
     D:1: 1050 daAuts
     D:7: 995 daAuts
     D:3: 875 daAuts
     D:4: 856 daAuts
     D:8: 832 daAuts
     D:6: 813 daAuts
     D:2: 570 daAuts
  Lair:2: 67 daAuts
  Temple: 38 daAuts
